 Dungeon Crawl Stone Soup version 0.26.1-2-gb8aa6d0cf2 (webtiles) character file.

Game seed: 15392134126786993830

240970 Amaterasu the Fetichist (level 19, -1/307 HPs)
             Began as a Deep Dwarf Fighter on Mar 1, 2021.
             Was the Champion of Makhleb.
             Killed from afar by Mara (illusionary) (10 damage)
             ... with a bolt of fire
             ... on level 3 of the Snake Pit.
             The game lasted 00:56:00 (27125 turns).

Amaterasu the Fetichist (Deep Dwarf Fighter)       Turns: 27125, Time: 00:56:00

Health: -1/307     AC: 24    Str: 25    XL:     19   Next: 6%
Magic:  22/22      EV: 12    Int: 10    God:    Makhleb [******]
Gold:   2677       SH: 24    Dex: 12    Spells: 18/18 levels left

rFire    + + .     SeeInvis .   p - +4 war axe (vorpal)
rCold    + . .     Faith    .   s - +0 tower shield
rNeg     + + .     Spirit   .   E - +0 pearl dragon scales
rPois    +         Reflect  +   B - +2 helmet
rElec    .         Harm     .   P - scarf {rC+ rF+}
rCorr    .         Rampage  .   v - +0 pair of gloves
Will     ++...                  T - +0 pair of boots
Stlth    ..........             g - amulet of reflection
HPRegen  0.00/turn              H - +4 ring of slaying
MPRegen  0.18/turn              Y - ring of poison resistance

@: berserking, lethally poisoned (-1 -> -1), non-regenerating, studying Staves,
very quick
A: damage resistance, heal wounds, hooves 1, thin metallic scales 1, fire
resistance 1, negative energy resistance 1, sense surroundings 3, robust 1, weak
1, no regeneration
}: 1/15 runes: barnacled
a: Heal Wounds, Renounce Religion, Minor Destruction, Lesser Servant of Makhleb,
Major Destruction, Greater Servant of Makhleb


You were on level 3 of the Snake Pit.
You worshipped Makhleb.
Makhleb was exalted by your worship.
You visited 6 branches of the dungeon, and saw 31 of its levels.
You also visited: Ossuary, Gauntlet and Volcano.

You collected 5030 gold pieces.
You spent 2353 gold pieces at shops.

Inventory:

Hand Weapons
 p - a +4 vorpal war axe (weapon)
 N - a +0 broad axe
Armour
 s - a +0 tower shield (worn)
 v - a +0 pair of gloves (worn)
 B - a +2 helmet (worn)
 E - +0 pearl dragon scales (worn)
 P - a scarf of resistance (worn)
 T - a +0 pair of boots (worn)
Jewellery
 a - a +6 ring of strength
 g - an amulet of reflection (around neck)
 k - an uncursed ring of flight
 u - a +6 ring of intelligence
 D - an uncursed ring of wizardry
 H - a +4 ring of slaying (left hand)
 Y - a ring of poison resistance (right hand)
 Z - the ring of Patience {Dex+4 SInv}
   (You found it on level 4 of the Shoals)

   [ring of see invisible]

   It affects your dexterity (+4).
   It lets you see invisible.
Wands
 d - a wand of flame (25)
 l - a wand of polymorph (6)
 r - a wand of iceblast (40)
 y - a wand of digging (17)
 G - a wand of paralysis (2)
 I - a wand of random effects (8)
 V - a wand of acid (11)
 W - a wand of enslavement (7)
Scrolls
 b - 12 scrolls of identify
 e - 13 scrolls of remove curse
 j - 5 scrolls of blinking
 m - a scroll of fear
 o - 9 scrolls of magic mapping
 t - 6 scrolls of enchant armour
 z - 3 scrolls of enchant weapon
 C - 3 scrolls of fog
 F - 11 scrolls of teleportation
 K - 3 scrolls of amnesia
Potions
 f - 10 potions of curing
 h - 7 potions of ambrosia
 i - 2 potions of flight
 n - 3 potions of attraction
 q - 3 potions of invisibility
 w - 2 potions of might
 x - 2 potions of cancellation
 J - 4 potions of berserk rage
 L - 2 potions of resistance
 M - a potion of heal wounds
 O - 2 potions of mutation
 U - a potion of haste
Books
 A - a manual of Staves
Miscellaneous
 c - a phial of floods
 Q - a box of beasts
 R - a tin of tremorstones (2/2)
 S - a lightning rod (4/4)
 X - a condenser vane


   Skills:
 * Level 15.6 Fighting
 * Level 17.7 Axes
 - Level 13.0 Armour
 * Level 9.4 Dodging
 - Level 13.0 Shields
 - Level 6.2 Invocations
 - Level 18.0 Evocations


You had 18 spell levels left.
You didn't know any spells.
Your spell library contained the following spells:

 Spells                   Type           Power        Failure   Level
 Apportation              Tloc           0%           98%         1
 Beastly Appendage        Tmut           0%           98%         1
 Corona                   Hex            0%           98%         1
 Foxfire                  Conj/Fire      0%           98%         1
 Summon Small Mammal      Summ           0%           98%         1
 Call Imp                 Summ           0%           99%         2
 Searing Ray              Conj           0%           99%         2
 Slow                     Hex            0%           99%         2
 Call Canine Familiar     Summ           0%           100%        3
 Confusing Touch          Hex            0%           100%        3
 Dazzling Flash           Conj/Hex       0%           100%        3
 Gell's Gravitas          Tloc           0%           100%        3
 Ignite Poison            Fire/Tmut/Pois 0%           100%        3
 Inner Flame              Hex/Fire       0%           100%        3
 Lesser Beckoning         Tloc           0%           100%        3
 Portal Projectile        Hex/Tloc       0%           100%        3
 Static Discharge         Conj/Air       0%           100%        3
 Summon Guardian Golem    Hex/Summ       0%           100%        3
 Tukima's Dance           Hex            0%           100%        3
 Animate Dead             Necr           0%           100%        4
 Cause Fear               Hex            0%           100%        4
 Ice Form                 Ice/Tmut       0%           100%        4
 Leda's Liquefaction      Hex/Erth       0%           100%        4
 Petrify                  Tmut/Erth      0%           100%        4
 Summon Ice Beast         Ice/Summ       0%           100%        4
 Summon Lightning Spire   Summ/Air       0%           100%        4
 Alistair's Intoxication  Tmut/Pois      0%           100%        5
 Borgnjor's Vile Clutch   Necr/Erth      0%           100%        5
 Fireball                 Conj/Fire      0%           100%        5
 Irradiate                Conj/Tmut      0%           100%        5
 Metabolic Englaciation   Hex/Ice        0%           100%        5
 Silence                  Hex/Air        0%           100%        5
 Yara's Violent Unravell  Hex/Tmut       0%           100%        5
 Conjure Ball Lightning   Conj/Air       0%           100%        6
 Death Channel            Necr           0%           100%        6
 Freezing Cloud           Conj/Ice/Air   0%           100%        6
 Hydra Form               Tmut           0%           100%        6
 Invisibility             Hex            0%           100%        6
 Ozocubu's Refrigeration  Ice            0%           100%        6
 Simulacrum               Ice/Necr       0%           100%        6
 Starburst                Conj/Fire      0%           100%        6
 Statue Form              Tmut/Erth      0%           100%        6
 Dragon Form              Tmut           0%           100%        7
 Orb of Destruction       Conj           0%           100%        7
 Discord                  Hex            0%           100%        8
 Ignition                 Fire           0%           100%        8
 Tornado                  Air            0%           100%        9


Dungeon Overview and Level Annotations

Branches:
Dungeon (15/15)            Temple (0/1) D:4            Lair (6/6) D:8
 Shoals (4/4) Lair:4        Snake (3/4) Lair:3        Slime (0/5) Lair:6
    Orc (2/2) D:10            Elf (1/3) Orc:2        Vaults (0/5) D:13
 Depths (0/5) D:15        Ossuary (visited)         Volcano (visited)
Gauntlet (visited)

Altars:
Ashenzari
Elyvilon
Fedhas
Gozag
Hepliaklqana
Kikubaaqudgha
Makhleb
Okawaru
Ru
Sif Muna
Trog
Vehumet
Wu Jian
Yredelemnul
The Shining One
Jiyva

Shops:
D:4 !   D:8 [   D:9 (:!*:   Orc:2 :*?[*   Shoals:4 [   Snake:1 ::   Snake:3 **

Portals:
Abyss: D:4
Trove: D:15 (show abyssal rune of Zot)

Annotations:
D:4 2 transporters, Sassenached's ghost, amateur DgWn
Snake:3 Mara


Innate Abilities, Weirdness & Mutations

You are resistant to damage.
You can heal yourself by infusing magical energy.
You resist negative energy. (rN+)
You passively map a large area around you.
You do not regenerate.
You have large cloven feet.
You are partially covered in thin metallic scales. (AC +2)
Your flesh is heat resistant. (rF+)
You are robust. (+10% HP)
You are weak. (Str -2)


Message History

Amaterasu's illusion barely misses you.
A red film seems to cover your vision as you go berserk!
You feel yourself moving faster!
You feel mighty!
Mara screams, "Tenfold be your damnation!"
Mara hits you with a +5 demon blade of venom!
* * * LOW HITPOINT WARNING * * *
You are poisoned.
Mara hits you with a +5 demon blade of venom!!
* * * LOW HITPOINT WARNING * * *
Mara closely misses you. Amaterasu's illusion hits you!
* * * LOW HITPOINT WARNING * * *
You are too berserk!
You closely miss Amaterasu's illusion.
Amaterasu's illusion is almost dead.
You hit Mara. You closely miss Mara. You hit Mara. Mara gestures at you.
You resist with almost no effort. Mara gestures at you.
The bolt of fire hits you! You resist.
You die...

<,,,,,,,,,,,,,,,,**
,,,,,,,*,**#...,,.#
,,,,,,,*,..#...**.####
,,,*,,,,,?.#...##....#
*****,,,,......8.8.8.#
*,,,,,,#.....§.⌠..#
*,,,,,*#....8(∩.8#*
***,,,***#....R@†⌠.#
*,,,*** #.###8@8.8#
**,*** **##...#RR####
,,,* *,.........#
,*******,.......#.#
,,,,,,,,,........(##
*********####.##>..#
****,,,***,...##...#####
,,,,,,,,,,.....#.#.....#
****,,,**#?.....∩.....(#


You could see 3 Maras and Amaterasu's illusion (very poisoned).

Vanquished Creatures
  A kraken (Shoals:4)
  Kirke (Shoals:4)
  Donald (Orc:2)
  The ghost of doomedcactus the Fighter, a journeyman GnWn of Sif Muna (Snake:1)
  A deep elf sorcerer (Elf:1)
  2 stone giants
  A deep elf annihilator (Elf:1)
  A minotaur (Gauntlet)
  Snorg (D:14)
  4 merfolk javelineers
  An ettin (shapeshifter) (D:15)
  8 merfolk impalers
  Josephine (D:14)
  A death ooze (Gauntlet)
  6 naga warriors
  2 boulder beetles
  8 hydras
  The ghost of Nebesus the Destroyer, a journeyman DrCj of Vehumet (D:9)
  2 alligator snapping turtles (Shoals:4)
  6 merfolk aquamancers
  3 anacondas
  6 centaur warriors
  A catoblepas (Lair:4)
  7 merfolk avatars
  2 two-headed ogres
  An alligator (Shoals:4)
  9 death yaks (Lair:6)
  A satyr (Shoals:4)
  4 dancing weapons (Elf:1)
  A tengu warrior (D:15)
  A naga sharpshooter (Snake:1)
  A spectral naga (Snake:1)
  A shock serpent (Snake:1)
  4 orc high priests (Orc:2)
  3 deep elf knights (Elf:1)
  A wretched star (Gauntlet)
  7 skeletal warriors
  2 salamander mystics (Snake:1)
  A spectral anaconda (Snake:1)
  12 sea snakes
  An unseen horror (D:15)
  A naga ritualist (Snake:1)
  7 orc knights (Orc:2)
  3 deep elf archers (Elf:1)
  18 harpies
  Pikel (D:8)
  17 fauns
  21 deep elf magi
  3 mana vipers
  4 orc sorcerers (Orc:2)
  9 ugly things
  15 salamanders
  7 cyclopes
  13 manticores
  4 elephants (Lair:6)
  7 merfolk sirens
  2 guardian serpents
  10 water nymphs
  2 cane toads (shapeshifter) (D:15)
  9 cane toads
  17 black mambas
  Maggie (D:6)
  5 naga magi
  6 gargoyles
  2 torpor snails
  A kobold demonologist (D:14)
  4 rime drakes
  9 komodo dragons
  A tengu conjurer (D:15)
  2 efreet
  An anaconda simulacrum (Snake:1)
  6 polar bears
  3 meliai (D:15)
  4 wind drakes
  5 trolls
  31 merfolk
  Grinder (D:5)
  5 hornets (Lair:6)
  6 slime creatures
  3 dream sheep (Shoals:4)
  10 blink frogs
  16 snapping turtles
  A centaur simulacrum (D:14)
  An air elemental (Elf:1)
  Sigmund (D:5)
  12 spriggans (Lair:6)
  A spectral black mamba (Snake:1)
  3 shadows
  4 wraiths (D:14)
  13 water elementals
  51 yaks
  4 basilisks
  A hog (Shoals:4)
  9 wyverns
  A fire elemental (Volcano)
  2 humans (D:13)
  A human (shapeshifter) (D:15)
  2 neqoxecs (Gauntlet)
  19 nagas
  10 wargs
  Edmund (D:5)
  2 acid dragons
  14 water moccasins
  2 guardian serpent simulacra (Snake:1)
  A black bear (shapeshifter) (D:15)
  27 orc warriors
  An ice beast (shapeshifter) (D:14)
  2 sky beasts (D:10)
  2 hornet zombies
  8 black bears
  4 ice beasts
  5 phantoms
  A black mamba simulacrum (Snake:1)
  25 wolves
  7 boggarts
  14 ogres
  31 centaurs
  3 big kobolds
  23 bullfrogs
  3 earth elementals
  A water moccasin zombie (D:5)
  A wyvern skeleton (D:6)
  15 killer bees
  6 scorpions
  8 wights
  2 howler monkeys (D:11)
  3 electric eels
  4 bullfrog zombies
  7 lava snakes (Snake:2)
  7 hounds
  3 jellies
  A quasit (D:10)
  4 centaur zombies
  A crimson imp (D:4)
  3 human zombies (Ossuary)
  24 orc priests
  35 orc wizards
  A bullfrog skeleton (D:7)
  2 centaur skeletons (D:8)
  7 iguanas
  10 worker ants
  4 hell rats (Lair:4)
  A killer bee zombie (D:10)
  2 big kobold zombies (Ossuary)
  3 mummies (Ossuary)
  5 hound zombies
  2 hound skeletons
  A worker ant zombie (D:5)
  5 gnolls
  18 adders
  4 naga simulacra (Snake:1)
  2 shadow imps
  6 white imps
  2 ufetubi
  3 oozes
  4 adder zombies (Ossuary)
  2 adder skeletons
  3 worms
  6 leopard geckos
  75 orcs
  11 bats
  9 giant cockroaches
  9 goblins
  11 hobgoblins
  13 jackals
  6 quokkas
  A ball python (D:4)
  3 frilled lizards
  A giant cockroach zombie (D:3)
  2 goblin skeletons (D:4)
  4 goblin zombies
  3 hobgoblin zombies
  3 jackal zombies (Ossuary)
  19 kobolds
  2 kobold skeletons (D:4)
  2 kobold zombies (D:4)
  2 leopard gecko skeletons
  4 orc zombies
  6 quokka zombies (Ossuary)
  9 rats
  3 rat zombies (Ossuary)
  3 tentacles (Shoals:4)
1142 creatures vanquished.

Vanquished Creatures (collateral kills)
  An orc high priest (Orc:2)
  An orc knight (D:13)
  A deep elf mage (D:13)
  An orc sorcerer (Orc:2)
  14 humans (D:13)
  An orc warrior (Orc:2)
  An orc priest (Orc:2)
  3 orc wizards (D:13)
  2 orcs (D:13)
25 creatures vanquished.

Vanquished Creatures (others)
  A snapping turtle (Shoals:2)
  A human (Shoals:4)
  An orc (D:3)
  A hobgoblin (D:3)
  8 fungi
  68 plants
  13 tentacles (Shoals:4)
93 creatures vanquished.

Grand Total: 1260 creatures vanquished

Notes
Turn   | Place    | Note
-------+----------+-------------------------------------------
     0 | D:1      | Amaterasu the Deep Dwarf Fighter began the quest for the
                  | Orb.
     0 | D:1      | Reached XP level 1. HP: 20/20 MP: 1/1
    90 | D:1      | Reached XP level 2. HP: 28/28 MP: 2/2
   783 | D:2      | Reached XP level 3. HP: 31/34 MP: 3/3
  1208 | D:2      | Found a white marble altar of Elyvilon.
  1273 | D:2      | Found a burning altar of Makhleb.
  1273 | D:2      | Noticed a balrug
  1278 | D:2      | Noticed a hellwing
  1278 | D:2      | Noticed a ynoxinul
  1280 | D:2      | Became a worshipper of Makhleb the Destroyer
  1905 | D:3      | Reached XP level 4. HP: 34/42 MP: 4/4
  2095 | D:3      | Reached * piety under Makhleb
  2151 | D:3      | Found the +3 hat of Pondering {ponderous, Will+ MP+10
                  | Int+5}
  2170 | D:3      | Reached skill level 5 in Axes
  2170 | D:3      | Reached XP level 5. HP: 27/50 MP: 5/5
  2674 | D:3      | Found an iron altar of Okawaru.
  2858 | D:4      | Reached ** piety under Makhleb
  2870 | D:4      | Found a staircase to the Ecumenical Temple.
  2886 | D:4      | Reached XP level 6. HP: 55/57 MP: 5/5
  2999 | D:4      | Found a hazy altar of Hepliaklqana.
  3011 | D:4      | Found Igueblyh's Distillery.
  3017 | D:4      | Found a basalt altar of Yredelemnul.
  3038 | D:4      | Found a glowing golden altar of the Shining One.
  3075 | D:4      | Found a sand-covered staircase.
  3084 | Ossuary  | Entered an ossuary
  3099 | Ossuary  | Reached skill level 5 in Fighting
  3152 | Ossuary  | Reached *** piety under Makhleb
  3195 | Ossuary  | Reached XP level 7. HP: 66/67 MP: 6/6
  3212 | Ossuary  | Reached skill level 1 in Evocations
  3391 | Ossuary  | Identified a scroll of acquirement
  3391 | Ossuary  | Acquired 767 gold pieces
  3585 | D:4      | Found a transporter.
  3598 | D:4      | Noticed Sassenached's ghost (amateur DgWn)
  3621 | D:4      | Found a one-way gate to the infinite horrors of the Abyss.
  3622 | D:4      | Found a transporter.
  3864 | D:5      | Entered Level 5 of the Dungeon
  3887 | D:5      | Reached skill level 2 in Evocations
  3996 | D:5      | Found an ancient bone altar of Kikubaaqudgha.
  4016 | D:5      | Found an ornate altar of the Wu Jian Council.
  4057 | D:5      | Noticed Sigmund
  4091 | D:5      | Killed Sigmund
  4092 | D:5      | Reached skill level 3 in Evocations
  4092 | D:5      | Reached XP level 8. HP: 31/74 MP: 7/7
  4094 | D:5      | Reached **** piety under Makhleb
  4124 | D:5      | Reached skill level 5 in Shields
  4273 | D:5      | Found a radiant altar of Vehumet.
  4275 | D:5      | Found a shimmering blue altar of Sif Muna.
  4282 | D:5      | Identified Sif Muna's Reference Book on Transmigration
  4303 | D:5      | Noticed Grinder
  4323 | D:5      | Reached skill level 5 in Armour
  4331 | D:5      | Killed Grinder
  4606 | D:5      | Noticed Edmund
  4623 | D:5      | Killed Edmund
  4815 | D:6      | Reached skill level 4 in Evocations
  4836 | D:6      | Noticed Maggie
  4861 | D:6      | Killed Maggie
  4862 | D:6      | Gained mutation: You passively map the area around you.
                  | [Deep Dwarf growth]
  4862 | D:6      | Reached XP level 9. HP: 29/81 MP: 8/8
  4899 | D:6      | Found a blossoming altar of Fedhas.
  4917 | D:6      | Found an opulent altar of Gozag.
  4940 | D:6      | Reached skill level 10 in Axes
  4985 | D:6      | Reached skill level 5 in Evocations
  5709 | D:7      | Reached ***** piety under Makhleb
  5825 | D:7      | Reached skill level 6 in Evocations
  6626 | D:8      | Reached XP level 10. HP: 75/96 MP: 9/9
  6684 | D:8      | Reached skill level 7 in Evocations
  6724 | D:8      | Found a broken altar of Ashenzari.
  6754 | D:8      | Found Pacaumug's Antique Armour Boutique.
  6761 | D:8      | Bought a glowing helmet for 195 gold pieces
  6833 | D:8      | Noticed Pikel
  6850 | D:8      | Killed Pikel
  7124 | D:8      | Found a staircase to the Lair.
  7363 | D:9      | Found a runed translucent door.
  7364 | D:9      | Noticed Nebesus's ghost (journeyman DrCj)
  7386 | D:9      | Reached skill level 8 in Evocations
  7417 | D:9      | Killed Nebesus's ghost
  7418 | D:9      | Reached skill level 9 in Evocations
  7578 | D:9      | Found Deargho's Book Emporium.
  7581 | D:9      | Found Jiseud's General Store.
  7707 | D:9      | Found Mylejutt's Distillery.
  7757 | D:9      | Found a bloodstained altar of Trog.
  7758 | D:9      | Found Xuwocim's Book Shoppe.
  7770 | D:9      | Found Cuozyawi's Antique Weapon Shoppe.
  8041 | D:10     | Entered Level 10 of the Dungeon
  8137 | D:10     | Noticed a two-headed ogre
  8145 | D:10     | Killed a two-headed ogre
  8160 | D:10     | Reached XP level 11. HP: 89/104 MP: 10/10
  8215 | D:10     | Reached ****** piety under Makhleb
  8274 | D:10     | Found a staircase to the Orcish Mines.
  8655 | D:10     | Found a sacrificial altar of Ru.
  8847 | Lair:1   | Entered Level 1 of the Lair of Beasts
  8890 | Lair:1   | Found a gate leading to a gauntlet.
  8903 | Gauntlet | Entered a Gauntlet
  8903 | Gauntlet | Found a transporter.
  8903 | Gauntlet | Noticed a sixfirhy
  8910 | Gauntlet | Noticed a death scarab
  8912 | Gauntlet | Found a transporter.
  8913 | Gauntlet | Found a runed translucent door.
  8914 | Gauntlet | Noticed a death scarab
  8926 | Gauntlet | Found a runed translucent door.
  8928 | Gauntlet | Found a transporter.
  8932 | Gauntlet | Found a transporter.
  8941 | Gauntlet | Noticed an orange crystal statue
  8944 | Gauntlet | Found a transporter.
  8963 | Gauntlet | Found a transporter.
  8967 | Gauntlet | Found a transporter.
  8968 | Gauntlet | Noticed a death ooze
  8971 | Gauntlet | Found a transporter.
  8975 | Gauntlet | Noticed a wretched star
  8990 | Gauntlet | Noticed a thrashing horror
  8994 | Gauntlet | Found a transporter.
  9011 | Gauntlet | Found a transporter.
  9015 | Gauntlet | Found a transporter.
  9017 | Gauntlet | Noticed a sixfirhy
  9018 | Gauntlet | Noticed a sixfirhy
  9024 | Gauntlet | Found a transporter.
  9080 | Gauntlet | Gained mutation: You are occasionally teleported next to
                  | monsters. [a neqoxec]
  9089 | Gauntlet | Killed a wretched star
  9119 | Gauntlet | Killed a death ooze
  9120 | Gauntlet | Reached skill level 10 in Evocations
  9155 | Gauntlet | Noticed a minotaur
  9169 | Gauntlet | Killed a minotaur
  9713 | Lair:1   | Noticed an eight-headed hydra
  9716 | Lair:1   | Killed an eight-headed hydra
  9752 | Lair:1   | Gained mutation: You have a pair of small horns on your
                  | head. [potion of mutation]
  9752 | Lair:1   | Gained mutation: Your mind is acute. (Int +2) [potion of
                  | mutation]
  9752 | Lair:1   | Gained mutation: You are clumsy. (Dex -2) [potion of
                  | mutation]
  9752 | Lair:1   | Gained mutation: You passively map a large area around you.
                  | [potion of mutation]
  9975 | Lair:2   | Noticed a six-headed hydra
  9979 | Lair:2   | Killed a six-headed hydra
 10037 | Lair:2   | Reached XP level 12. HP: 96/115 MP: 11/11
 10277 | Lair:2   | Reached skill level 10 in Fighting
 10704 | Lair:3   | Found a staircase to the Snake Pit.
 10775 | Lair:3   | Reached skill level 11 in Evocations
 11035 | Lair:3   | Noticed a boulder beetle
 11062 | Lair:3   | Killed a boulder beetle
 11542 | Lair:4   | Found a staircase to the Shoals.
 11548 | Lair:4   | Noticed a catoblepas
 11563 | Lair:4   | Killed a catoblepas
 11657 | Lair:4   | Lost mutation: You have a pair of small horns on your head.
                  | [potion of mutation]
 11657 | Lair:4   | Lost mutation: You passively map a large area around you.
                  | [potion of mutation]
 11657 | Lair:4   | Lost mutation: You are clumsy. (Dex -2) [potion of
                  | mutation]
 11657 | Lair:4   | Lost mutation: You are occasionally teleported next to
                  | monsters. [potion of mutation]
 11657 | Lair:4   | Gained mutation: You evolve. [potion of mutation]
 11657 | Lair:4   | Gained mutation: You are robust. (+10% HP) [potion of
                  | mutation]
 11657 | Lair:4   | Gained mutation: You are weak. (Str -2) [potion of
                  | mutation]
 11657 | Lair:4   | Gained mutation: You are partially covered in thin metallic
                  | scales. (AC +2) [potion of mutation]
 11706 | Lair:4   | Noticed a four-headed hydra
 11715 | Lair:4   | Killed an eight-headed hydra
 11729 | Lair:4   | Noticed an eight-headed hydra
 11737 | Lair:4   | Killed an 11-headed hydra
 11747 | Lair:4   | Reached skill level 12 in Evocations
 11807 | Lair:4   | Reached skill level 1 in Dodging
 11807 | Lair:4   | Reached XP level 13. HP: 141/141 MP: 12/12
 12346 | Lair:4   | Gained mutation: You have large cloven feet. [evolution]
 13223 | Lair:6   | Entered Level 6 of the Lair of Beasts
 13283 | Lair:6   | Found a viscous altar of Jiyva.
 13283 | Lair:6   | Found a staircase to the Slime Pits.
 13519 | Lair:6   | Reached skill level 13 in Evocations
 13535 | Lair:6   | Reached skill level 14 in Evocations
 13577 | Lair:6   | Reached skill level 15 in Evocations
 13770 | Lair:6   | Gained mutation: You resist negative energy. (rN+) [Deep
                  | Dwarf growth]
 13770 | Lair:6   | Reached XP level 14. HP: 151/151 MP: 13/13
 15739 | D:12     | Reached skill level 15 in Axes
 16260 | D:13     | Found a gate to the Vaults.
 17186 | D:14     | Noticed Snorg
 17197 | D:14     | Killed Snorg
 17316 | D:14     | Reached skill level 5 in Dodging
 17735 | D:14     | Noticed Josephine
 17747 | D:14     | Killed Josephine
 17871 | D:14     | Reached XP level 15. HP: 160/160 MP: 14/14
 17925 | D:15     | Entered Level 15 of the Dungeon
 18105 | D:15     | Found a portal to a secret trove of treasure.
 18740 | D:15     | Found a staircase to the Depths.
 18791 | D:15     | Found a blossoming altar of Fedhas.
 19034 | Orc:1    | Entered Level 1 of the Orcish Mines
 19231 | Orc:1    | Lost mutation: Your mind is acute. (Int +2) [evolution]
 19382 | Orc:2    | Entered Level 2 of the Orcish Mines
 19386 | Orc:2    | Found Syffax's Assorted Antiques.
 19441 | Orc:2    | Found a staircase to the Elven Halls.
 19497 | Orc:2    | Noticed Donald
 19515 | Orc:2    | Killed Donald
 19516 | Orc:2    | Reached skill level 16 in Evocations
 19582 | Orc:2    | Found a dark tunnel.
 19591 | Volcano  | Entered a volcano
 20016 | Orc:2    | Bought a scroll of acquirement for 1768 gold pieces
 20016 | Orc:2    | Acquired 1077 gold pieces
 20209 | Orc:2    | Found Elyriu's Antique Armour Shoppe.
 20266 | Orc:2    | Found Wabitzin's General Store.
 20273 | Orc:2    | Found Ecimef's Book Shoppe.
 20274 | Orc:2    | Found Opnu Ixuk's Magic Scroll Shop.
 20305 | Orc:2    | Bought a lightning rod (4/4) for 390 gold pieces
 20410 | Elf:1    | Entered Level 1 of the Elven Halls
 20799 | Elf:1    | Noticed a deep elf sorcerer
 20811 | Elf:1    | Reached skill level 15 in Fighting
 20813 | Elf:1    | Killed a deep elf sorcerer
 20963 | Elf:1    | Reached XP level 16. HP: 92/179 MP: 15/15
 20968 | Elf:1    | Identified Zedogav's Catalogue of Confrontation
 21151 | Elf:1    | Reached skill level 17 in Evocations
 21559 | Shoals:1 | Entered Level 1 of the Shoals
 21600 | Shoals:1 | Reached skill level 18 in Evocations
 21860 | Shoals:1 | Reached skill level 10 in Shields
 22049 | Shoals:1 | Gained mutation: Your flesh is heat resistant. (rF+)
                  | [evolution]
 22049 | Shoals:1 | Lost mutation: You evolve. [end of evolution]
 22883 | Shoals:2 | Found a hazy altar of Hepliaklqana.
 23227 | Shoals:3 | Reached skill level 10 in Armour
 23418 | Shoals:3 | Reached XP level 17. HP: 158/187 MP: 16/16
 23703 | Shoals:4 | Entered Level 4 of the Shoals
 23739 | Shoals:4 | Noticed Kirke
 23749 | Shoals:4 | Killed Kirke
 23856 | Shoals:4 | Found Xustruxyo's Antique Armour Boutique.
 24023 | Shoals:4 | Identified the ring of Patience {Dex+4 SInv} (You found it
                  | on level 4 of the Shoals)
 24324 | Shoals:4 | Noticed a kraken
 24363 | Shoals:4 | Killed a kraken
 24440 | Shoals:4 | Got a barnacled rune of Zot
 24860 | Snake:1  | Entered Level 1 of the Snake Pit
 24945 | Snake:1  | Found Gitiol's Book Shoppe.
 24950 | Snake:1  | Found Diteuqid's Book Emporium.
 24975 | Snake:1  | Found a runed translucent gate.
 24975 | Snake:1  | Found a runed translucent gate.
 24975 | Snake:1  | Found a runed translucent gate.
 24981 | Snake:1  | Noticed doomedcactus's ghost (journeyman GnWn)
 25080 | Snake:1  | Killed doomedcactus's ghost
 25089 | Snake:1  | Gained mutation: You passively map a large area around you.
                  | [Deep Dwarf growth]
 25089 | Snake:1  | Reached XP level 18. HP: 78/195 MP: 16/21
 26554 | Snake:2  | Reached XP level 19. HP: 204/204 MP: 22/22
 27053 | Snake:3  | Found Wiuph's General Store.
 27066 | Snake:3  | Found Zulen's Assorted Antiques.
 27076 | Snake:3  | Noticed Mara
 27082 | Snake:3  | Noticed Amaterasu's illusion
 27124 | Snake:3  | HP: 13/307 [Mara (illusionary)/+5 demon blade of venom
                  | (21)]
 27125 | Snake:3  | Killed from afar by Mara (illusionary)

Illustrated notes

Levels and vault maps discovered:
D:1:      saegor_arrival_under_anarchy, layout_basic, serial_bayou_pond_c
D:2:      layout_loops_corners, makhleb_altar_promises_db, corexii_corridor_pit,
          elyvilon_altar_1
D:3:      layout_basic, okawaru_altar_gauntlet_db, nrook_campfire,
          minmay_misc_feat_encased, minmay_checkerbox
D:4:      layout_cave_pools, nicolae_overflow_crystal_walls,
          yredelemnul_altar_generic, nicolae_tso_besieged_by_evil,
          minmay_temple_entry_glass, gammafunk_ghost_abyssal_escape,
          lightli_ossuary_entry_decrepit_ruins, serial_shops, shop
D:5:      layout_cave_pods, grunt_temple_overflow_magic_moments,
          kennysheep_mini, uniq_sigmund, uniq_edmund, uniq_grinder
D:6:      layout_basic, grunt_temple_overflow_open, uniq_maggie
D:7:      layout_basic
D:8:      layout_loops_ring, kennysheep_mini_moat, dpeg_oklobed_lair,
          serial_shops, shop, uniq_pikel
D:9:      layout_gridville, ebering_ghost_reflecting_pool, serial_shops,
          nicolae_shop_behind_doors, nicolae_shop_trees, shop,
          nicolae_shop_waterfront, nicolae_shop_trees, library_closet,
          fungi_pond_lemuel, grunt_decor_arrowhead, bloody_trog
D:10:     layout_gridville, orc_0_dummy, nicolae_ru_the_path_less_chosen
D:11:     layout_long_grid
D:12:     layout_basic
D:13:     layout_basic, david_vaults_3, nooodl_orcs_dogs
D:14:     layout_loops_ring, minmay_door_square, uniq_josephine, uniq_snorg
D:15:     gammafunk_enter_depths_forms, layout_basic, grunt_decor_one_mirror,
          enter_trove_0, grunt_decor_fettered, fedhas_altar_fruit_tree
Lair:1:   layout_roguey, gauntlet_entry_generic
Lair:2:   layout_roguey, grunt_megastairs_3
Lair:3:   layout_roguey, minmay_snake_entry_guardpost_small,
          chequers_serial_rivers_micro_c, infiniplex_staircase_pool
Lair:4:   layout_cave_pods, elwin_shoals_entry_rocks, wad_woods_river_01,
          grunt_megastairs_4, lemuel_fruit_tree
Lair:5:   layout_roguey, beast_lair_carwin_2
Lair:6:   minmay_lair_end_enchanted_forest, layout_concentric_octagons,
          slime_altar_1, chequers_serial_rivers_small_3,
          chequers_serial_rivers_micro_a
Shoals:1: layout_shoals, nicolae_shoals_square_sea_wall,
          hangedman_shoals_cup_caves
Shoals:2: layout_shoals, lemuel_centaur_altar
Shoals:3: layout_shoals, nicolae_shoals_water_shrine
Shoals:4: shoals_end_simple, layout_shoals, serial_shops, shop,
          nicolae_shoals_siren_and_animal_friends, uniq_kirke
Snake:1:  cheibrodos_snake_lava_hold, layout_chambers,
          gammafunk_ghost_necromancy, minmay_shoptagon
Snake:2:  layout_misc_corridors, nicolae_snake_lava_pool
Snake:3:  layout_misc_corridors, serial_shops, bzr_entry_road,
          nicolae_shop_window_shopping, shop, nicolae_shop_crystal,
          nicolae_shop_temple_entry_statues_fountains,
          minmay_shop_enchanted_jewellery, nrook_guardian_serpent_ordinary,
          uniq_mara
Orc:1:    layout_caves
Orc:2:    st_orc_elflike, layout_diamond_mine, nicolae_volcano_entry_s_turn,
          guppyfry_orc_lava_fort, uniq_donald
Elf:1:    minmay_elf_arrival_summoners, layout_geoelf_diagonals,
          minmay_elf_annihilation, amethyst_killhole

Skill      XL: |  1  2  3  4  5  6  7  8  9 10 11 12 13 14 15 16 17 18 |
---------------+-------------------------------------------------------+-----
Fighting       | 3 4 5 8 9 12 15 | 15.6
Axes           | 3 5 6 8 9 10 11 13 14 16 17 | 17.7
Evocations     | 3 4 6 9 10 12 15 16 18 | 18.0
Shields        | 4 5 6 7 9 12 13 | 13.0
Armour         | 4 5 7 9 10 13 | 13.0
Dodging        | 1 3 5 7 8 9 |  9.4
Invocations    | 6 |  6.2

Action                   |  1- 3 |  4- 6 |  7- 9 | 10-12 | 13-15 | 16-18 | 19-21 || total
-------------------------+-------+-------+-------+-------+-------+-------+-------++-------
Melee: War axe           |   150 |   238 |   467 |   626 |  1318 |  1063 |    82 ||  3944
       Headbutt          |       |       |       |    40 |       |       |       ||    40
       Kick              |       |       |       |       |   148 |       |       ||   148
 Abil: Heal Wounds       |       |     1 |     2 |     2 |       |       |       ||     5
       Stop Flying       |       |       |       |       |       |     1 |       ||     1
       Evoke Flight      |       |       |       |       |       |     1 |       ||     1
Evoke: Wand              |       |       |       |    12 |     9 |       |       ||    21
       Box of beasts     |       |       |       |       |     3 |     1 |       ||     4
       Condenser vane    |       |       |       |       |       |     3 |       ||     3
       Lightning rod     |       |       |       |       |       |     4 |       ||     4
  Use: Scroll            |     8 |       |    13 |    11 |     9 |     6 |     1 ||    48
       Potion            |       |     1 |     1 |     7 |       |     6 |     3 ||    18
 Stab: Petrified         |       |       |       |     3 |       |       |       ||     3
       Paralysed         |       |       |       |     3 |       |       |       ||     3
       Distracted        |       |       |       |       |     4 |     1 |       ||     5
       Confused          |       |       |       |       |       |     1 |       ||     1
Armor: Scale mail        |    79 |   108 |    66 |       |       |       |       ||   253
       Chain mail        |       |       |    79 |    46 |       |       |       ||   125
       Skin              |       |       |       |     3 |       |       |       ||     3
       Pearl dragon scal |       |       |       |   152 |   370 |   304 |    20 ||   846
Dodge: Dodged            |    36 |    78 |    53 |    82 |   225 |   255 |    22 ||   751
Block: Kite shield       |    72 |   129 |   121 |       |       |       |       ||   322
       Reflection        |       |       |    11 |    15 |    61 |   163 |     8 ||   258
       Tower shield      |       |       |   219 |   593 |  1198 |  1296 |    85 ||  3391
